 Dungeon Crawl Stone Soup version 0.22-a0-614-g34fbaa0 (webtiles) character file.

2624 EloyTheNewbi the Covered (level 9, -6/68 HPs)
             Began as a Demonspawn Abyssal Knight on July 14, 2018.
             Was an Elder of Lugonu.
             Mangled by an orc warrior
             ... wielding a cursed +0 trident
              (15 damage)
             ... on level 7 of the Dungeon.
             The game lasted 00:30:55 (7811 turns).

EloyTheNewbi the Covered (DsAK)                     Turns: 7811, Time: 00:30:56

Health: -6/68      AC: 11    Str: 15    XL:     9   Next: 34%
Magic:  12/12      EV: 11    Int: 13    God:    Lugonu [****..]
Gold:   360        SH:  0    Dex: 13    Spells: 8/8 levels left

rFire    + + .     SeeInvis .   j - +4 falchion of the Four Nights {slice, rC+++ rN+++ MR- Int-3}
rCold    + + +     Gourm    .   (no shield)
rNeg     + + +     Faith    .   p - +0 chain mail
rPois    .         Spirit   .   a - +2 helmet
rElec    .         Reflect  .   (no cloak)
rCorr    .         Harm     .   t - +0 pair of gloves
MR       .....                  (no boots)
Stlth    ..........             v - amulet of inaccuracy (curse)
HPRegen  0.21/turn              q - ring of protection from fire
MPRegen  0.13/turn              y - +3 ring of evasion

@: no status effects
A: claws 1, hooves 2, clever 1, deformed body, fire resistance 1, powered by
pain 1, screaming 1
a: Depart the Abyss, Bend Space, Banish, Corrupt, Renounce Religion


You were on level 7 of the Dungeon.
You worshipped Lugonu.
Lugonu was greatly pleased with you.
You were not hungry.

You visited 1 branch of the dungeon, and saw 7 of its levels.
You visited the Abyss 1 time.

You collected 360 gold pieces.

Inventory:

Hand Weapons
 j - the +4 falchion of the Four Nights (weapon) {slice, rC+++ rN+++ MR- Int-3}
   (You found it on level 4 of the Dungeon)

   It inflicts extra damage upon your enemies.
   It affects your intelligence (-3).
   It renders you almost immune to cold.
   It renders you almost immune to negative energy.
   It affects your resistance to hostile enchantments.
Missiles
 m - 221 stones (quivered)
Armour
 a - a +2 helmet (worn)
 p - a +0 chain mail (worn)
 t - a +0 pair of gloves (worn)
Jewellery
 d - an uncursed amulet of magic regeneration
 q - a ring of protection from fire (left hand)
 v - a cursed amulet of inaccuracy (around neck)
 y - a +3 ring of evasion (right hand)
Wands
 f - a wand of enslavement (11)
 x - a wand of acid (4)
Scrolls
 e - 4 scrolls of enchant armour
 i - 4 scrolls of teleportation
 k - a scroll of blinking
 l - a scroll of fear
 r - 4 scrolls of enchant weapon
 s - 3 scrolls of magic mapping
Potions
 b - a potion of brilliance
 g - a potion of haste
 n - a potion of lignification
 o - 3 potions of curing
 u - a potion of magic
Comestibles
 c - 12 rations
 h - 3 chunks of flesh


   Skills:
 + Level 5.6 Fighting
 + Level 6.4 Long Blades
 + Level 6.7 Armour
 * Level 4.7 Dodging
 + Level 1.2 Stealth
 * Level 4.9 Invocations
 + Level 0.7 Evocations


You had 8 spell levels left.
You didn't know any spells.
Your spell library contained the following spells:

 Spells                   Type           Power        Failure   Level  Hunger
 Animate Dead             Necr           N/A          100%        4    #####..
 Pain                     Necr           #...         99%         1    ##.....
 Animate Skeleton         Necr           N/A          99%         1    ##.....
 Vampiric Draining        Necr           #.........   100%        3    ####...
 Regeneration             Chrm/Necr      #.........   100%        3    ####...


Dungeon Overview and Level Annotations

Branches:
Dungeon (7/15)             Temple (0/1) D:5

Altars:
Gozag
Makhleb
Nemelex Xobeh
Wu Jian
Xom


Innate Abilities, Weirdness & Mutations

You have sharp fingernails.
You have hoof-like feet.
Your flesh is heat resistant. (rF+)
You sometimes gain a little power by taking damage.
Your mind is acute. (Int +2)
Armour fits poorly on your strangely shaped body.
You occasionally shout uncontrollably at your foes.


Message History

Things that are here:
a dagger of venom; an embroidered robe; an orc corpse The orc warrior closely misses you.
You hit the orc warrior.
The orc warrior is lightly wounded.
The orc warrior barely misses you.
Your chain mail prevents you from hitting the orc warrior.
The orc warrior is lightly wounded.
The orc warrior hits you with a trident.
* * * LOW HITPOINT WARNING * * *
You hit the orc warrior. Your kick misses the orc warrior.
The orc warrior is moderately wounded.
The orc warrior hits you with a trident!
* * * LOW HITPOINT WARNING * * *
You slash the orc warrior! You kick the orc warrior.
The orc warrior is severely wounded.
Your chain mail prevents you from hitting the orc warrior.
The orc warrior is severely wounded.
The orc warrior hits you with a trident!
You die...

##.######....###[#.###.#.....
#.......#........#.....#....#
##########.#.....#.....#......##
#≈§§≈≈§§≈#.###...#.###.#.###..#
#≈§.....≈#.# #...#.....#......#
#≈§⌠....≈#.####.....#.....#...##
#≈§......'.#.###....#.###.#....#
#≈.......'..#.##o÷..#.....#....#
#§....⌠.≈#.###)@.......#.......#
#≈..§.§.≈#..#)#####....#.###...#
#≈§≈≈§≈§≈#.#.## ##...#........
##########.### ##.....#...##
#......# ##....#..... ########
##...#...## ##.......# ##...#..#
#..###.#


You could see an orc warrior.

Vanquished Creatures
  A hippogriff (D:6)
  Menkaure (D:7)
  2 ice beasts (D:6)
  An orc warrior (D:5)
  2 phantoms
  A black bear (D:6)
  2 centaurs (D:5)
  3 ogres
  A bullfrog (D:7)
  3 scorpions
  2 bullfrog zombies
  5 crimson imps (D:6)
  A centaur zombie (D:5)
  2 bullfrog skeletons
  A centaur skeleton (D:6)
  6 hounds
  3 jellies
  4 orc wizards
  An iguana (D:4)
  Terence (D:2)
  7 worker ants
  A hound zombie (D:7)
  2 gnolls
  5 adders
  An ooze (D:2)
  An adder zombie (D:5)
  3 worms
  4 dart slugs
  7 leopard geckos
  11 orcs
  2 ball pythons
  10 giant cockroaches
  8 goblins
  12 hobgoblins
  14 jackals
  3 kobolds
  4 quokkas
  5 bats
  7 frilled lizards
  A leopard gecko skeleton (D:4)
  10 rats
161 creatures vanquished.

Vanquished Creatures (collateral kills)
  A leopard gecko (D:6)
  An orc (D:6)
2 creatures vanquished.

Vanquished Creatures (others)
  An adder (D:7)
  2 fungi (D:6)
3 creatures vanquished.

Grand Total: 166 creatures vanquished

Notes
Turn   | Place    | Note
-------+----------+-------------------------------------------
     0 | Abyss:1  | EloyTheNewbi the Demonspawn Abyssal Knight began the quest for the Orb.
     0 | Abyss:1  | Reached XP level 1. HP: 18/18 MP: 2/2
    40 | Abyss:1  | Found a corrupted altar of Lugonu.
    63 | Abyss:1  | Found a sparkling altar of Nemelex Xobeh.
    72 | D:1      | Escaped the Abyss
   113 | D:1      | Gained mutation: You have large cloven feet. [demonic ancestry]
   113 | D:1      | Reached XP level 2. HP: 15/24 MP: 3/3
   268 | D:1      | Reached skill level 1 in Dodging
   473 | D:1      | Reached ** piety under Lugonu
   531 | D:1      | Reached XP level 3. HP: 18/29 MP: 4/4
  1085 | D:2      | Gained mutation: You sometimes gain a little power by taking damage. [demonic ancestry]
  1085 | D:2      | Reached XP level 4. HP: 30/37 MP: 5/5
  1189 | D:2      | Noticed Terence
  1213 | D:2      | Killed Terence
  1282 | D:2      | Reached XP level 5. HP: 32/42 MP: 6/6
  1683 | D:2      | Found an ornate altar of the Wu Jian Council.
  1881 | D:2      | Reached *** piety under Lugonu
  1971 | D:2      | Found a shimmering altar of Xom.
  2056 | D:3      | Found an opulent altar of Gozag.
  2058 | D:3      | Found a shimmering altar of Xom.
  2058 | D:3      | Found a blossoming altar of Fedhas.
  2066 | D:3      | Found a snail-covered altar of Cheibriados.
  2066 | D:3      | Found a burning altar of Makhleb.
  2066 | D:3      | Found a hide-covered altar of Uskayaw.
  2874 | D:4      | Gained mutation: Your flesh is heat resistant. (rF+) [demonic ancestry]
  2874 | D:4      | Reached XP level 6. HP: 20/48 MP: 7/7
  3706 | D:4      | Reached XP level 7. HP: 47/54 MP: 8/8
  3890 | D:4      | Reached skill level 5 in Armour
  4057 | D:4      | Got a fine falchion
  4058 | D:4      | Identified the +4 falchion of the Four Nights {slice, rC+++ rN+++ MR- Int-3} (You found it on level 4 of the Dungeon)
  4061 | D:4      | Gained mutation: You occasionally shout uncontrollably at your foes. [potion of mutation]
  4061 | D:4      | Gained mutation: Armour fits poorly on your strangely shaped body. [potion of mutation]
  4061 | D:4      | Gained mutation: Your mind is acute. (Int +2) [potion of mutation]
  4259 | D:5      | Entered Level 5 of the Dungeon
  4290 | D:5      | Found a staircase to the Ecumenical Temple.
  4335 | D:5      | Found a burning altar of Makhleb.
  4341 | D:5      | Reached skill level 1 in Stealth
  5148 | D:5      | Gained mutation: You have hoof-like feet. [demonic ancestry]
  5148 | D:5      | Reached XP level 8. HP: 22/61 MP: 9/9
  5375 | D:6      | Found an opulent altar of Gozag.
  5415 | D:6      | Reached **** piety under Lugonu
  5436 | D:6      | Reached skill level 5 in Long Blades
  5805 | D:6      | Reached skill level 5 in Fighting
  6346 | D:7      | Noticed Menkaure
  6350 | D:7      | Killed Menkaure
  6390 | D:7      | Gained mutation: You have sharp fingernails. [demonic ancestry]
  6390 | D:7      | Reached XP level 9. HP: 51/68 MP: 12/12
  7140 | D:7      | Found a sparkling altar of Nemelex Xobeh.
  7811 | D:7      | Mangled by an orc warrior

Vault maps used:
D:1:      ncdulo_halloftheorcs
D:2:      lemuel_coloured_pillars_altar, marbit_many_paths, first_ration,
          minmay_joined_circles, uniq_terence
D:3:      kennysheep_pointless_box, doesnt_xom_only_xom
D:4:      serial_co_window_serial, co_window_paths_a, co_window_paths_b,
          co_window_paths_a, co_window_paths_b, co_window_paths_b,
          co_window_corner_a, co_window_paths_a, co_window_corner_b,
          co_window_cross_3, co_window_paths_c, co_window_corner_b,
          co_window_paths_d, co_window_paths_e, glass_columns_b
D:5:      makhleb_blood_cavern_becter, minmay_temple_entry_glassed_door,
          minmay_small_thing
D:6:      kennysheep_big_flooded_room, lemuel_doored_altar, serial_aquarium,
          aquarium_bridge_island_large, aquarium_bridge_square,
          aquarium_window_1, aquarium_window_1, aquarium_window_fake,
          aquarium_view_2b, aquarium_view_2b, aquarium_balcony_5a
D:7:      hangedman_cross_stitches, overflow_temple_1_default,
          kennysheep_generic_room_7, uniq_menkaure

Skill      XL: |  1  2  3  4  5  6  7  8 |
---------------+-------------------------+-----
Long Blades    | 2 3 4 6 |  6.4
Armour         | 2 3 4 5 6 |  6.7
Dodging        | 1 2 3 4 |  4.7
Fighting       | 4 5 |  5.6
Stealth        | 1 |  1.2
Invocations    | 4 |  4.9
Evocations     | |  0.7

Action                   |  1- 3 |  4- 6 |  7- 9 || total
-------------------------+-------+-------+-------++-------
Melee: Falchion          |    91 |   204 |   340 ||   635
       Kick              |    17 |    57 |    74 ||   148
Invok: Banish            |       |       |     1 ||     1
Evoke: Wand              |       |     1 |     5 ||     6
  Use: Scroll            |     4 |     9 |    11 ||    24
       Potion            |       |     1 |     8 ||     9
 Stab: Sleeping          |     1 |       |       ||     1
  Eat: Chunk             |       |     8 |    15 ||    23
Armor: Leather armour    |     9 |       |       ||     9
       Scale mail        |    25 |    90 |     2 ||   117
       Chain mail        |       |       |   187 ||   187
       Skin              |       |       |    68 ||    68
Dodge: Dodged            |    62 |   110 |   224 ||   396
       Rpst.: Falchion   |    22 |    40 |    75 ||   137

Table legend:
 A = Spawn XP
 B = Non-spawn XP
 C = Spawn XP percentage of total XP
 D = Spawn monster count
 E = Non-spawn monster count
 F = Spawn count percentage of total count
 G = Total turns spent on level
                    A         B        C        D         E        F      G
               +---------+---------+-------+---------+---------+-------+---------
         Total |       0 |    3749 |   0.0 |       0 |     164 |   0.0 |  7811
               +---------+---------+-------+---------+---------+-------+---------
           D:1 |       0 |      50 |   0.0 |       0 |      25 |   0.0 |   859
           D:2 |       0 |     208 |   0.0 |       0 |      41 |   0.0 |  1077
           D:3 |       0 |      30 |   0.0 |       0 |      16 |   0.0 |   710
           D:4 |       0 |     707 |   0.0 |       0 |      18 |   0.0 |  1541
           D:5 |       0 |     662 |   0.0 |       0 |      22 |   0.0 |  1257
           D:6 |       0 |    1299 |   0.0 |       0 |      20 |   0.0 |  1475
           D:7 |       0 |     793 |   0.0 |       0 |      22 |   0.0 |   820
               +---------+---------+-------+---------+---------+-------+---------
